Map: Lightshade LE

Players

DisK

  • Race: Protoss Protoss

Neeb - Winner!

  • Race: Protoss Protoss

Event: DreamHack SC2 Masters 2021 Fall

VOD

Have the link to the VOD?

Description

Time

  • Played on: Aug. 7, 2021, 5:45 p.m.
  • Length: 12:21

All games in this series

Show
View Real Time Build Order
Export as new Build Order

DisK Protoss 

Build Orders: Phoenix Opening, Zealot Archon 

Get SALT Encoding   

  12  0:00  Probe  
  13  0:12  Probe  
  14  0:17  Pylon  
  14  0:24  Probe  
  15  0:36  Gateway  
  15  0:37  Probe (Chrono Boost)  
  16  0:47  Assimilator, Probe (Chrono Boost)  
  17  0:52  Probe (Chrono Boost)  
  17  0:55  Assimilator  
  18  1:03  Probe (Chrono Boost)  
  19  1:08  Gateway  
  19  1:14  Probe (Chrono Boost)  
  20  1:18  Probe (Chrono Boost)  
  20  1:25  Cybernetics Core  
  21  1:30  Probe  
  22  1:36  Pylon  
  22  1:42  Probe  
  23  1:54  Probe  
  24  2:02  Stalker x2  
  24  2:03  Warp Gate (Chrono Boost)  
  24  2:06  Probe  
  29  2:13  Pylon  
  29  2:24  Pylon  
  29  2:25  Probe  
  29  2:33  Sentry  
  31  2:45  Probe  
  31  2:48  Sentry  
  34  2:57  Probe  
  35  3:02  Nexus, Sentry  
  37  3:06  Phoenix  
  37  3:07  Shield Battery  
  37  3:09  Probe  
  38  3:14  Pylon  
  38  3:29  Twilight Council  
  38  3:30  Probe (Chrono Boost)  
  39  3:36  Forge  
  39  3:40  Probe (Chrono Boost)  
  40  3:45  Probe (Chrono Boost)  
  40  3:47  Phoenix  
  41  3:52  Phoenix  
  41  3:56  Probe  
  42  4:06  Blink (Chrono Boost)  
  42  4:08  Protoss Ground Weapons Level 1  
  43  4:12  Probe (Chrono Boost)  
  43  4:13  Probe (Chrono Boost)  
  44  4:24  Probe x2 (Chrono Boost)  
  46  4:29  Robotics Facility  
  48  4:32  Probe (Chrono Boost)  
  48  4:34  Probe (Chrono Boost)  
  48  4:37  Probe (Chrono Boost)  
  48  4:40  Probe (Chrono Boost)  
  48  4:43  Nexus  
  50  4:47  Probe  
  50  4:48  Pylon  
  50  4:52  Probe  
  52  4:56  Assimilator  
  52  5:03  Gateway x2  
  52  5:06  Probe x2  
  54  5:09  Stalker  
  54  5:13  Stalker  
  58  5:17  Observer  
  58  5:18  Probe x2  
  61  5:28  Shield Battery  
  61  5:30  Gateway, Probe x2  
  61  5:33  Gateway  
  63  5:38  Pylon  
  63  5:41  Observer x2  
  64  5:43  Probe x2  
  64  5:46  Pylon  
  66  5:53  Stalker x2  
  70  5:59  Probe x2 (Chrono Boost)  
  70  6:01  Observer  
  70  6:04  Probe (Chrono Boost)  
  73  6:08  Probe (Chrono Boost)  
  73  6:09  Gateway  
  73  6:10  Gateway  
  74  6:11  Probe (Chrono Boost)  
  74  6:13  Pylon, Probe (Chrono Boost)  
  74  6:15  Charge (Chrono Boost), Probe  
  77  6:19  Observer  
  77  6:20  Protoss Ground Weapons Level 2 (Chrono Boost)  
  77  6:21  Probe  
  77  6:24  Probe  
  80  6:26  Observer  
  80  6:29  Templar Archives  
  80  6:30  Assimilator  
  80  6:31  Pylon  
  80  6:32  Probe  
  81  6:35  Zealot x2  
  86  6:42  Pylon  
  86  6:43  Probe  
  86  6:44  Probe  
  86  6:45  Zealot  
  89  6:53  Zealot x3  
  95  6:56  Warp Prism  
  97  7:08  Nexus  
  97  7:10  Pylon  
  97  7:12  High Templar  
  97  7:13  High Templar  
  101  7:17  Archon  
  101  7:18  Zealot x3  
  101  7:20  Zealot  
  109  7:26  Stalker x2  
  113  7:32  Gateway  
  113  7:37  Gateway  
  113  7:38  Pylon  
  113  7:40  Pylon  
  113  7:41  Observer  
  113  7:48  High Templar x2, Zealot x4  
  125  7:54  Archon, Zealot x2  
  125  7:55  Photon Cannon  
  129  7:58  Photon Cannon  
  129  8:03  Observer, Probe x3  
  132  8:10  High Templar x2  
  132  8:11  Zealot x2  
  140  8:13  Pylon  
  140  8:16  Pylon  
  140  8:18  Archon  
  140  8:25  Zealot  
  140  8:26  Shield Battery  
  142  8:29  Zealot x2  
  144  8:38  High Templar x2, Zealot x3  
  152  8:42  Shield Battery, Archon  
  152  8:44  Zealot x2  
  156  8:49  Zealot x3  
  162  9:00  Pylon  
  162  9:03  Zealot x3  
  162  9:05  Probe x4  
  172  9:11  Robotics Bay  
  172  9:12  Zealot x3  
  178  9:22  Zealot x4  
  180  9:27  Zealot x3  
  134  9:33  Zealot x3  
  106  9:44  Stalker x4  
  90  9:52  Robotics Facility  
  76  9:55  Stalker x2  
  76  9:58  Stalker  
  82  10:00  Stalker  
  82  10:02  Stalker  
  86  10:08  Observer  
  86  10:09  Zealot  
  86  10:10  Zealot x3  
  94  10:14  Observer  
  94  10:18  Zealot x3  
  100  10:24  Zealot x2  
  108  10:31  Zealot x3  
  108  10:32  Zealot x2  
  113  10:41  Zealot x3  
  119  10:49  Disruptor (Chrono Boost)  
  119  10:52  High Templar x2, Zealot x5  
  119  10:54  Disruptor (Chrono Boost)  
  137  10:57  Archon  
  137  11:00  Assimilator  
  137  11:01  Assimilator, Pylon  
  137  11:03  Zealot x3  
  139  11:16  Zealot x5  
  147  11:23  Disruptor (Chrono Boost)  
  147  11:24  Disruptor (Chrono Boost)  
  153  11:33  Zealot x4  
  155  11:42  Zealot x2  
  155  11:43  Zealot x3  
  133  11:50  Zealot  
  100  11:57  Zealot x4  
  81  12:04  Zealot x2  
  81  12:07  Zealot x2  
  58  12:14  Zealot  
  58  12:15  Zealot x4  
Show
View Real Time Build Order
Export as new Build Order

Neeb Protoss - Winner!

Build Orders: Phoenix Opening, Blink Stalkers, Zealot Archon 

Get SALT Encoding   

  12  0:00  Probe  
  13  0:12  Probe  
  14  0:17  Pylon  
  14  0:24  Probe (Chrono Boost)  
  15  0:36  Probe (Chrono Boost)  
  15  0:37  Gateway  
  16  0:44  Probe (Chrono Boost)  
  16  0:46  Assimilator  
  17  0:51  Probe  
  17  0:55  Assimilator  
  18  1:03  Probe (Chrono Boost)  
  19  1:07  Gateway  
  19  1:13  Probe (Chrono Boost)  
  19  1:18  Probe (Chrono Boost)  
  20  1:25  Cybernetics Core  
  21  1:29  Probe  
  22  1:39  Pylon  
  22  1:41  Probe  
  23  1:57  Probe  
  24  2:02  Sentry, Stalker, Warp Gate  
  28  2:11  Pylon, Probe  
  29  2:24  Pylon  
  29  2:31  Stalker  
  29  2:32  Sentry  
  33  2:54  Nexus  
  33  2:57  Probe  
  34  3:04  Shield Battery  
  34  3:09  Probe (Chrono Boost)  
  35  3:15  Twilight Council  
  35  3:17  Phoenix  
  35  3:21  Probe (Chrono Boost)  
  35  3:25  Pylon  
  36  3:29  Probe (Chrono Boost)  
  37  3:35  Probe (Chrono Boost)  
  37  3:40  Forge  
  38  3:47  Probe (Chrono Boost)  
  39  3:50  Sentry  
  39  3:54  Probe (Chrono Boost)  
  39  3:55  Blink (Chrono Boost)  
  42  4:04  Phoenix  
  42  4:06  Probe (Chrono Boost)  
  42  4:07  Probe (Chrono Boost)  
  42  4:09  Protoss Ground Weapons Level 1 (Chrono Boost)  
  44  4:15  Probe (Chrono Boost)  
  46  4:18  Probe (Chrono Boost)  
  47  4:26  Probe (Chrono Boost)  
  47  4:27  Probe (Chrono Boost)  
  48  4:33  Probe (Chrono Boost)  
  48  4:34  Probe (Chrono Boost)  
  48  4:37  Nexus  
  50  4:42  Robotics Facility  
  50  4:44  Probe  
  51  4:47  Probe  
  52  4:54  Stalker x2  
  52  4:56  Probe  
  57  5:00  Assimilator  
  57  5:01  Probe  
  57  5:04  Pylon  
  58  5:09  Probe  
  58  5:13  Probe  
  60  5:19  Stalker  
  62  5:22  Probe  
  62  5:23  Pylon  
  62  5:24  Stalker  
  62  5:27  Probe  
  66  5:29  Gateway  
  66  5:34  Gateway, Probe  
  48  5:35  Phoenix  
  67  5:36  Observer  
  67  5:40  Probe  
  69  5:47  Probe  
  69  5:49  Charge, Pylon  
  70  5:50  Probe  
  71  5:57  Probe  
  71  5:59  Probe  
  71  6:01  Protoss Ground Weapons Level 2 (Chrono Boost), Phoenix  
  71  6:02  Probe  
  74  6:05  Shield Battery  
  74  6:09  Probe  
  75  6:11  Gateway  
  75  6:12  Probe  
  75  6:13  Gateway  
  75  6:14  Probe  
  77  6:19  Stalker x2  
  81  6:26  Gateway  
  81  6:27  Gateway  
  81  6:32  Pylon  
  81  6:33  Pylon  
  81  6:35  Assimilator, Templar Archives  
  81  6:36  Probe x3  
  81  6:38  Zealot x2  
  88  6:55  Zealot x2  
  88  7:00  Gateway  
  92  7:02  Gateway  
  92  7:05  Zealot x2  
  92  7:07  Pylon  
  96  7:10  Nexus  
  96  7:12  High Templar x2  
  100  7:17  Archon  
  100  7:20  Zealot x3  
  100  7:22  Zealot  
  108  7:25  Pylon  
  108  7:27  Warp Prism, Immortal  
  108  7:40  High Templar x2, Zealot  
  108  7:41  Zealot  
  116  7:47  Zealot x4  
  116  7:48  Archon  
  124  7:56  High Templar x2  
  128  8:02  Pylon  
  128  8:03  Archon  
  128  8:04  Pylon, Zealot x2  
  132  8:05  Pylon  
  132  8:07  Protoss Ground Weapons Level 3 (Chrono Boost)  
  132  8:15  Pylon  
  132  8:16  Photon Cannon  
  132  8:17  Pylon  
  132  8:19  Pylon  
  132  8:23  Zealot x3  
  132  8:24  Zealot x3  
  144  8:38  Zealot x4  
  150  8:50  Gateway  
  150  8:51  High Templar  
  150  8:52  High Templar, Zealot x4  
  150  8:53  Phoenix  
  162  8:56  Archon  
  162  9:02  Zealot x4  
  170  9:09  Pylon  
  170  9:11  Photon Cannon  
  170  9:16  High Templar x2, Zealot x2  
  178  9:21  Archon  
  166  9:25  Zealot x6  
  138  9:36  Immortal (Chrono Boost)  
  116  9:44  Zealot x2  
  88  9:46  Zealot x6  
  100  9:55  Probe x3  
  100  9:56  Probe  
  100  9:58  Dark Shrine  
  100  9:59  Zealot x3  
  110  10:06  Warp Prism  
  110  10:07  Probe x3  
  110  10:11  Sentry, High Templar x2, Zealot x5  
  129  10:17  Archon  
  131  10:22  Pylon  
  131  10:27  Pylon, Zealot  
  131  10:28  Zealot x2  
  137  10:34  Zealot  
  137  10:35  Zealot x3  
  145  10:40  Zealot x2  
  149  10:46  Zealot x2  
  153  10:56  Zealot x3  
  153  10:57  Zealot x4  
  165  11:07  High Templar  
  165  11:08  High Templar x3  
  173  11:12  Archon  
  173  11:13  Archon  
  173  11:17  Zealot  
  173  11:18  Zealot x6  
  153  11:40  Zealot x11  
  130  11:59  Probe x3  
  130  12:01  Probe  
  126  12:02  Assimilator x2  
  126  12:04  Stalker x10  
  136  12:15  Nexus  

Tags
 
Add a new tag
Caveats
  • Supply blocks, unpowered buildings, or Contaminate may cause inaccurate times.
  • Supply counts are checked every 10 seconds.